 Dungeon Crawl Stone Soup version 0.25.1-2-g60ff931df9 (webtiles) character file.

Game seed: 17306037471932583502

144 Exodus22XD the Poker (level 5, 38/39 HPs)
             Began as a Demonspawn Gladiator on Oct 31, 2020.
             Quit the game on level 3 of the Dungeon.
             The game lasted 00:01:30 (1671 turns).

Exodus22XD the Poker (Demonspawn Gladiator)         Turns: 1671, Time: 00:01:31

Health: 38/39      AC:  4    Str: 15    XL:     5   Next: 5%
Magic:  5/5        EV: 13    Int: 10    God:
Gold:   92         SH:  0    Dex: 14    Spells: 4/4 levels left

rFire    . . .     SeeInvis .   a - +0 trident
rCold    . . .     Gourm    .   (no shield)
rNeg     . . .     Faith    .   b - +0 leather armour
rPois    .         Spirit   .   c - +0 helmet
rElec    .         Reflect  .   (no cloak)
rCorr    .         Harm     .   (no gloves)
MR       .....                  (no boots)
Stlth    +.........             (no amulet)
HPRegen  0.13/turn              (no ring)
MPRegen  0.09/turn              (no ring)

@: no status effects
A: claws 2, hooves 1, rot immunity
a: no special abilities


You were on level 3 of the Dungeon.
You were not hungry.

You visited 1 branch of the dungeon, and saw 3 of its levels.

You collected 92 gold pieces.

Inventory:

Hand Weapons
 a - a +0 trident (weapon)
Missiles
 d - 3 throwing nets (quivered)
Armour
 b - a +0 leather armour (worn)
 c - a +0 helmet (worn)
Scrolls
 e - a scroll of remove curse {unknown}
 h - a scroll of immolation {unknown}
 i - 2 scrolls of identify {unknown}
 j - a scroll of teleportation {unknown}
 p - 2 scrolls of magic mapping {unknown}
Potions
 g - a potion of lignification {unknown}
 k - a potion of brilliance {unknown}
 l - a potion of resistance {unknown}
 m - a potion of magic {unknown}
 n - a potion of curing {unknown}
Comestibles
 f - 4 rations


   Skills:
 + Level 2.3 Fighting
 + Level 4.3 Polearms
 - Level 1.7 Throwing
 + Level 0.5 Armour
 + Level 3.3 Dodging
 + Level 0.3 Stealth
 * Level 0.8 Unarmed Combat


You had 4 spell levels left.
You didn't know any spells.
Your spell library was empty.

Dungeon Overview and Level Annotations

Branches:
Dungeon (3/15)

Altars:
Okawaru
Sif Muna


Innate Abilities, Weirdness & Mutations

You have very sharp fingernails.
You have large cloven feet.
You are immune to rotting.


Message History

Press: ? - help, Dir - move target cursor, f/p - orc wizard
Aim: an orc wizard, wielding a +0 dagger and wearing a +0 robe (heavily wounded, fast)
You reach to attack!
You hit the orc wizard.
The orc wizard is severely wounded.
Attack whom?
Press: ? - help, Dir - move target cursor, f/p - orc wizard
Aim: an orc wizard, wielding a +0 dagger and wearing a +0 robe (severely wounded, fast)
You reach to attack!
You puncture the orc wizard!
You kill the orc wizard!
You have reached level 5!
Your demonic ancestry asserts itself...
You feel immune to rotting.
You hear the slow rusting of a distant drain.
You hear the slow rusting of a distant drain.
Eating one of 2 chunks of flesh.
You eat one of the 2 chunks of flesh.
This raw flesh tastes terrible.
You hear the slow rusting of a distant drain.
All of the chunks of flesh in your inventory have rotted away.
A quokka comes into view.
Are you sure you want to abandon this character and quit the game? (Confirm with "yes".)

#.........รท..........#
#.......r............#
#....##.##...........###
######...##..........'..
#.._..#..........###
#.8.8.#########.....
###'### #..... #...#
#..... #.@.# #.....
#โ‰ˆโ‰ˆโ‰ˆ# #..... #)>.#
#..... ##### #.....
###.##


You could see a quokka (wandering).

Vanquished Creatures
  2 orc wizards (D:3)
  3 adders
  2 oozes
  A dart slug (D:2)
  A leopard gecko (D:3)
  A ball python (D:2)
  8 bats
  2 giant cockroaches (D:1)
  5 hobgoblins
  3 jackals (D:2)
  3 frilled lizards
  8 goblins
  7 kobolds
  4 rats
50 creatures vanquished.

Notes
Turn   | Place    | Note
-------+----------+-------------------------------------------
     0 | D:1      | Exodus22XD the Demonspawn Gladiator began the quest for the
                  | Orb.
     0 | D:1      | Reached XP level 1. HP: 16/16 MP: 1/1
    92 | D:1      | Gained mutation: You have sharp fingernails. [demonic
                  | ancestry]
    92 | D:1      | Reached XP level 2. HP: 22/22 MP: 2/2
   121 | D:1      | Reached skill level 3 in Polearms
   546 | D:2      | Found an iron altar of Okawaru.
   607 | D:2      | Gained mutation: You have large cloven feet. [demonic
                  | ancestry]
   607 | D:2      | Reached XP level 3. HP: 21/27 MP: 3/3
  1098 | D:2      | Gained mutation: You have very sharp fingernails. [demonic
                  | ancestry]
  1098 | D:2      | Reached XP level 4. HP: 33/33 MP: 4/4
  1414 | D:3      | Reached skill level 4 in Polearms
  1426 | D:3      | Found a shimmering blue altar of Sif Muna.
  1531 | D:3      | Gained mutation: You are immune to rotting. [demonic
                  | ancestry]
  1531 | D:3      | Reached XP level 5. HP: 20/39 MP: 5/5
  1671 | D:3      | Quit the game

Illustrated notes

Levels and vault maps discovered:
D:1:      psy_arrival_whirlpool, layout_rooms
D:2:      layout_basic, okawaru_ov_weapons_minmay, minmay_hedge_maze,
          minmay_domino_4
D:3:      layout_basic, lightli_temple_of_fire, first_ration,
          gup_sewer_entry_glass, led_sif_book

Skill      XL: |  1  2  3  4 |
---------------+-------------+-----
Dodging        | 3 |  3.3
Polearms       | 3 4 |  4.3
Fighting       | |  2.3
Throwing       | |  1.7
Armour         | |  0.5
Stealth        | |  0.3
Unarmed Combat | |  0.8

Action                   |  1- 3 |  4- 6 || total
-------------------------+-------+-------++-------
Melee: Trident           |   116 |    31 ||   147
       Kick              |     8 |     4 ||    12
 Stab: Sleeping          |     1 |       ||     1
  Eat: Chunk             |     1 |     2 ||     3
Armor: Leather armour    |    24 |     4 ||    28
Dodge: Dodged            |    62 |    12 ||    74
